 Dungeon Crawl Stone Soup version 0.23.2 (webtiles) character file.

Game seed: 9301235090782521094

32 Menchi the Sneak (level 3, -3/18 HPs)
             Began as a Spriggan Assassin on Apr 9, 2019.
             Killed by nerve-wracking pain
             ... invoked by Jessica
              (13 damage)
             ... on level 2 of the Dungeon.
             The game lasted 00:01:41 (1135 turns).

Menchi the Sneak (Spriggan Assassin)                Turns: 1135, Time: 00:01:42

Health: -3/18      AC:  3    Str:  8    XL:     3   Next: 10%
Magic:  4/4        EV: 17    Int: 12    God:
Gold:   26         SH:  0    Dex: 17    Spells: 2/2 levels left

rFire    . . .     SeeInvis +   a - +2 dagger
rCold    . . .     Gourm    .   (shield restricted)
rNeg     . . .     Faith    .   c - +0 robe
rPois    .         Spirit   .   (helmet restricted)
rElec    .         Reflect  .   d - +0 cloak
rCorr    .         Harm     .   (gloves unavailable)
MR       .....                  (boots unavailable)
Stlth    ++++......             (no amulet)
HPRegen  0.06/turn              (no ring)
MPRegen  0.09/turn              (no ring)

@: very quick
A: very small, unfitting armour, see invisible, herbivore, speed 3, slow
metabolism 2
a: no special abilities


You were on level 2 of the Dungeon.
You were not hungry.

You visited 1 branch of the dungeon, and saw 2 of its levels.

You collected 26 gold pieces.

Inventory:

Hand Weapons
 a - a +2 dagger (weapon)
 b - a +0 blowgun
Missiles
 e - 37 poisoned needles
 f - 2 curare-tipped needles
Armour
 c - a +0 robe (worn)
 d - a +0 cloak (worn)
Scrolls
 h - a scroll of teleportation {unknown}
 i - a scroll of enchant weapon {unknown}
 j - a scroll of magic mapping {unknown}
 k - 2 scrolls of enchant armour {unknown}
 l - 2 scrolls of fog {unknown}
 m - 2 scrolls of remove curse {unknown}
 q - 2 scrolls of identify {unknown}
Potions
 n - a potion of mutation {unknown}
 o - a potion of curing {unknown}
 p - a potion of degeneration {unknown}
 r - a potion of magic {unknown}
Comestibles
 g - 5 rations


   Skills:
 - Level 1.5 Fighting
 * Level 2.6 Short Blades
 - Level 2.0 Throwing
 * Level 2.0 Dodging
 * Level 7.1 Stealth


You had 2 spell levels left.
You didn't know any spells.
Your spell library was empty.

Dungeon Overview and Level Annotations

Branches:
Dungeon (2/15)

Altars:
Wu Jian

Annotations:
D:2 Jessica


Innate Abilities, Weirdness & Mutations

You are very small and have problems with some larger weapons.
You are too small for most types of armour.
You have supernaturally acute eyesight. (SInv)
You are a herbivore.
You cover ground extremely quickly.
You need to consume almost no food.


Message History

No target in view!
HP restored.
Found a stone staircase leading down.
Your library has no spells.
Search for what [Enter for "@", or ? for help]? gozag Can't find anything matching that.
g - 5 rations (gained 1)
There is a stone staircase leading down here.
Found a stone staircase leading up.
No target in view!
There is a stone staircase leading up here.
Jessica the Apprentice Sorceress comes into view.
She is wielding a +0 club.
Found a ration.
Jessica shouts!
Jessica points at you and mumbles some strange words.
Pain shoots through your body!
Jessica points at you and mumbles some strange words.
Pain shoots through your body!
Ouch! That really hurt!
You die...

..# . .( #.##..###
###.#.# .....#..
..#.#.#
#...#.#######.#.#.#
#...... ..##.#.#.#
..#.....####.##.#.#.#
#...%..@.....##.#.#.#
......@......<#.#.#.#
.###................#
....##########.#.###
#### #.#.# #.. #.#.#
#.# #.#.# # #. #.#
..#.# #.#.#
#.############.####


You could see Jessica.

Vanquished Creatures
  An adder (D:2)
  A leopard gecko (D:1)
  3 giant cockroaches
  A hobgoblin (D:2)
  4 kobolds
  2 frilled lizards (D:1)
  4 goblins (D:1)
  7 rats
23 creatures vanquished.

Notes
Turn   | Place    | Note
-------+----------+-------------------------------------------
     0 | D:1      | Menchi the Spriggan Assassin began the quest for the Orb.
     0 | D:1      | Reached XP level 1. HP: 10/10 MP: 2/2
    89 | D:1      | Reached skill level 6 in Stealth
   317 | D:1      | Reached XP level 2. HP: 14/14 MP: 3/3
   935 | D:2      | Found an ornate altar of the Wu Jian Council.
   948 | D:2      | Reached skill level 7 in Stealth
   948 | D:2      | Reached XP level 3. HP: 13/18 MP: 4/4
  1130 | D:2      | Noticed Jessica
  1135 | D:2      | Killed from afar by Jessica

Skill      XL: |  1  2 |
---------------+-------+-----
Stealth        | 6 7 |  7.1
Dodging        | 2 |  2.0
Fighting       | |  1.5
Short Blades   | |  2.6
Throwing       | |  2.0

Action                   || total
-------------------------++-------
Melee: Dagger            ||    66
 Stab: Sleeping          ||     7
Armor: Robe              ||     7
Dodge: Dodged            ||    32
